 Dungeon Crawl Stone Soup version 0.29.0-4-gdea44cf6ec (webtiles) character file.

Game seed: 3924807848954608843

196 qw the Cleaver (level 5, 0/32 HPs)
             Began as a Gargoyle Berserker on Sept 6, 2022.
             Was a Believer of Trog.
             Slain by a quasit (2 damage)
             ... summoned by Eustachio
             ... on level 4 of the Dungeon.
             The game lasted 00:01:14 (3495 turns).

qw the Cleaver (Gargoyle Berserker)                 Turns: 3495, Time: 00:01:14

Health: 0/32       AC:  0    Str: 23      XL:     5   Next: 75%
Magic:  5/5        EV: 18    Int:  7      God:    Trog [**....]
Gold:   173        SH:  0    Dex: 11 (14) Spells: 4/4 levels left

rFire   . . .      SeeInvis .   (weapon currently unavailable)
rCold   . . .      Faith    .   (shield currently unavailable)
rNeg    + . .      Spirit   .   (body armour currently unavailable)
rPois   inf        Reflect  .   (helmet currently unavailable)
rElec   .          Harm     .   (cloak currently unavailable)
rCorr   .          Rampage  .   (gloves currently unavailable)
Will    .....                   (boots currently unavailable)
Stlth   +.........              (no amulet)
HPRegen 0.10/turn               (ring currently unavailable)
MPRegen 0.09/turn               (ring currently unavailable)

@: bat-form (expiring), on berserk cooldown, flying, slowed, quick
A: fast, flying, no casting, sickness immunity, AC +4, tiny, negative energy
resistance 1, (electricity resistance), torment resistance 1, petrification
resistance
a: Renounce Religion, Berserk, Trog's Hand


You were on level 4 of the Dungeon.
You worshipped Trog.
Trog was pleased with you.
You were a bat.
You visited 1 branch of the dungeon, and saw 4 of its levels.

You collected 173 gold pieces.


Innate Abilities, Weirdness & Mutations

You are a bat.
You are tiny and dextrous.
You move quickly.
You are flying.
Your equipment is almost entirely melded.
You are incapable of wielding weapons or throwing items.
You cannot cast spells.
You are immune to sickness and miasma.
((Your stone body is resilient. (AC +4)))
You are immune to poison.
You resist negative energy. (rN+)
((You are resistant to electric shocks. (rElec)))
You are resistant to unholy torment.
You are immune to petrification.


   Skills:
 + Level 3.3 Fighting
 - Level 11.4 Axes
 - Level 2.1 Armour
 - Level 1.5 Dodging


You had 4 spell levels left.
You didn't know any spells.
Your spell library was empty.

Inventory:

Hand Weapons
 j - the +6 shillelagh "Devastator" {shatter}
   (You found it on level 2 of the Dungeon)

   It releases a powerful concussive burst when it strikes, dealing extra damage
   to the target and all other foes adjacent to them.
 Y - a +3 hand axe (melded)
Armour
 a - a +0 plate armour
 d - a +0 chain mail (melded)
 g - a +0 cloak (melded)
Scrolls
 i - a scroll of identify
Potions
 c - 2 potions of curing
 e - a potion of might
 h - a potion of mutation {unknown}
 k - a potion of lignification {unknown}
 m - a potion of brilliance {unknown}
 n - a potion of heal wounds {unknown}
 o - a potion of berserk rage {unknown}

Dungeon Overview and Level Annotations

Branches:
Dungeon (4/15)
 Temple: D:4-7

Altars:
Cheibriados
Nemelex Xobeh
Uskayaw
Zin

Annotations:
D:4 1 runed translucent door, Crazy Yiuf, Eustachio


Message History

Eustachio casts a spell.
Eustachio blinks!
You hit the iron imp but do no damage. The iron imp barely misses you.
You hit the iron imp but do no damage. The iron imp barely misses you.
You hit the iron imp but do no damage.
Eustachio gestures wildly while chanting.
The crimson imp closely misses you. The iron imp completely misses you.
Eustachio casts a spell.
Eustachio blinks!
The crimson imp closely misses you.
You hit the iron imp but do no damage.
The crimson imp disappears in a puff of smoke!
The iron imp disappears in a puff of smoke!
You hit Eustachio but do no damage.
Eustachio is lightly wounded.
Your transformation is almost over.
The quasit closely misses you. The quasit claws you. The quasit misses you.
The ufetubus misses you. x2
Eustachio mumbles some strange words.
Eustachio blinks!
The quasit completely misses you. x2
The quasit barely misses you.
You hit the iron imp but do no damage. The quasit closely misses you.
The quasit claws you. x2; The quasit bites you.
You feel clumsy. The quasit closely misses you. The quasit misses you.
The ufetubus hits you. The ufetubus closely misses you.
You barely miss the iron imp. The ufetubus barely misses you.
The ufetubus misses you. The quasit barely misses you. The quasit claws you.
You feel clumsy. The quasit completely misses you. The iron imp hits you!
The ufetubus hits you. x2
The quasit barely misses you. The quasit closely misses you.
The quasit claws you.
You feel clumsy.
You hit the iron imp.
The iron imp is lightly wounded.
The ufetubus barely misses you. The ufetubus closely misses you.
The quasit misses you. x2; The quasit claws you.
You die...

#.#..#####...
....#[$)#...
#...#)[(#..#
...#g$!#..#
#..#####...
#..........
#.555......
#.b#..#
###..#..###.
#...........
#>...)@...##
#####.........#
..........##...##
#..........##.....
_'
#..........##(..##
'#
#..........##...#
#.# ..


You could see Eustachio, an iron imp (summoned), a quasit (summoned), an
ufetubus (summoned) and a goblin.

Vanquished Creatures
  An iguana (D:3)
  An adder zombie (D:2)
  A worm (D:3)
  A dart slug (D:2)
  An orc (D:4)
  A bat skeleton (D:2)
  8 endoplasms
  6 goblins
  4 hobgoblins
  3 jackals (D:2)
  5 kobolds
  6 quokkas
  5 ball pythons
  A ball python zombie (D:2)
  6 bats
  8 frilled lizards
  A giant cockroach zombie (D:2)
  5 rats (D:1)
64 creatures vanquished.

Notes
Turn   | Place    | Note
-------+----------+-------------------------------------------
     0 | D:1      | qw the Gargoyle Berserker began the quest for the Orb.
     0 | D:1      | Reached XP level 1. HP: 14/14 MP: 1/1
     0 | D:1      | 0 ||| qw: Version: 0.1-a-108-g9e35731
     0 | D:1      | 0 ||| qw: Game counter: 6337
     0 | D:1      | 0 ||| qw: Always use a shield: true
     0 | D:1      | 0 ||| qw: Do Orc after D:15 true
     0 | D:1      | 0 ||| qw: Do second Lair branch before Depths: true
     0 | D:1      | 0 ||| qw: Lair rune preference: random
     0 | D:1      | 0 ||| qw: Plans: Normal
     0 | D:1      | 0 ||| PLANNING D:1-11
    82 | D:1      | Reached skill level 3 in Axes
   166 | D:1      | Reached XP level 2. HP: 19/19 MP: 2/2
   362 | D:1      | 362 ||| INVOKING Berserk.
   823 | D:1      | Reached XP level 3. HP: 16/23 MP: 3/3
  1096 | D:1      | 1096 ||| Stepping ~*~*~tactically~*~*~ (stealth).
  1146 | D:1      | Reached ** piety under Trog
  1178 | D:1      | 1178 ||| DROPPING +0 club.
  1267 | D:1      | 1267 ||| READING 2 scrolls labelled OPPONWIDGHI.
  1268 | D:1      | 1268 ||| READING scroll labelled OXEOSA YBAXYL.
  1269 | D:1      | 1269 ||| READING scroll labelled UMUQIA QU LASE.
  1270 | D:1      | 1270 ||| DRINKING 4 sedimented pink potions.
  1271 | D:1      | 1271 ||| DROPPING scroll of amnesia.
  1272 | D:1      | 1272 ||| DROPPING 3 potions of magic.
  1291 | D:2      | Found a hide-covered altar of Uskayaw.
  1295 | D:2      | Reached skill level 4 in Axes
  1687 | D:2      | Found the +6 shillelagh "Devastator" {shatter}
  1694 | D:2      | 1694 ||| DROPPING +0 whip.
  1718 | D:2      | 1718 ||| Stepping ~*~*~tactically~*~*~ (stealth).
  1719 | D:2      | 1719 ||| Stepping ~*~*~tactically~*~*~ (stealth).
  2171 | D:2      | Reached XP level 4. HP: 26/28 MP: 4/4
  2392 | D:2      | 2392 ||| UPGRADING to +0 chain mail.
  2402 | D:2      | 2402 ||| DROPPING +0 animal skin.
  2403 | D:2      | 2403 ||| UPGRADING to +0 cloak.
  2408 | D:2      | 2408 ||| READING scroll labelled TAEREHIBBUIPO.
  2409 | D:2      | 2409 ||| READING 3 scrolls labelled ZEITUQ ROJI.
  2410 | D:2      | 2410 ||| READING 2 scrolls of enchant weapon.
  2410 | D:2      | 2410 ||| ENCHANTING +1 hand axe.
  2411 | D:2      | 2411 ||| READING scroll of enchant weapon.
  2411 | D:2      | 2411 ||| ENCHANTING +2 hand axe.
  2412 | D:2      | 2412 ||| READING 3 scrolls of identify.
  2412 | D:2      | 2412 ||| IDENTIFYING sedimented inky potion
  2413 | D:2      | 2413 ||| READING 2 scrolls of identify.
  2413 | D:2      | 2413 ||| IDENTIFYING lumpy brown potion
  2414 | D:2      | 2414 ||| DROPPING potion of flight.
  2487 | D:3      | Found a sparkling altar of Nemelex Xobeh.
  2667 | D:3      | Found a snail-covered altar of Cheibriados.
  2695 | D:3      | 2695 ||| Stepping ~*~*~tactically~*~*~ (stealth).
  2699 | D:3      | 2699 ||| Stepping ~*~*~tactically~*~*~ (stealth).
  2700 | D:3      | 2700 ||| Stepping ~*~*~tactically~*~*~ (stealth).
  2782 | D:3      | 2782 ||| INVOKING Berserk.
  3318 | D:3      | 3318 ||| READING scroll labelled YTEAMUOLUR.
  3319 | D:3      | 3319 ||| READING scroll labelled VAHIHUFAECH.
  3320 | D:3      | 3320 ||| READING scroll labelled MAUNU HOL VUMONU.
  3321 | D:3      | 3321 ||| READING 4 scrolls of identify.
  3321 | D:3      | 3321 ||| IDENTIFYING fizzy red potion
  3322 | D:3      | 3322 ||| DRINKING potion of experience.
  3322 | D:3      | Reached skill level 11 in Axes
  3322 | D:3      | Reached XP level 5. HP: 32/32 MP: 5/5
  3323 | D:3      | 3323 ||| READING 3 scrolls of identify.
  3323 | D:3      | 3323 ||| IDENTIFYING cyan potion
  3324 | D:3      | 3324 ||| READING 2 scrolls of identify.
  3324 | D:3      | 3324 ||| IDENTIFYING bubbling red potion
  3325 | D:3      | 3325 ||| DROPPING potion of degeneration.
  3354 | D:4      | 3354 ||| STAIRDANCE
  3403 | D:4      | Found a runed translucent door.
  3404 | D:4      | Noticed Crazy Yiuf
  3455 | D:4      | Found a glowing silver altar of Zin.
  3474 | D:4      | Noticed Eustachio
  3476 | D:4      | Paralysed by an orc for 3 turns
  3479 | D:4      | 3479 ||| INVOKING Berserk.
  3494 | D:4      | HP: 5/32 [ufetubus[Eustachio] (5)]
  3494 | D:4      | HP: 2/32 [quasit[Eustachio] (1)]
  3495 | D:4      | Slain by a quasit

Levels and vault maps discovered:
D:1:      giann_horns, layout_rooms
D:2:      layout_basic, serial_undead, serial_undead_c, serial_undead_c,
          serial_undead_e, serial_undead_f, serial_undead_d, serial_undead_a,
          basic_altar, kennysheep_boxes
D:3:      layout_basic, nemelex_spade_bored_becter, cheibriados_altar_1
D:4:      layout_rooms, lemuel_doored_altar, lemuel_tele_altar,
          mainiacjoe_overflow_brackets, serial_glass, glass_columns_b,
          glass_columns_a, feat_on_display, feat_on_display,
          due_unseen_surprise, feat_on_display, serial_shops,
          nicolae_shop_trees, uniq_blork_the_orc, uniq_eustachio, uniq_sigmund,
          uniq_crazy_yiuf_cottage

Skill      XL: |  1  2  3  4 |
---------------+-------------+-----
Axes           | 3 4 11 | 11.4
Fighting       | |  3.3
Armour         | |  2.1
Dodging        | |  1.5

Action                   |  1- 3 |  4- 6 || total
-------------------------+-------+-------++-------
Melee: Hand axe          |   147 |    36 ||   183
       Punch             |     2 |     2 ||     4
       Unarmed           |       |    11 ||    11
Invok: Berserk           |     1 |     2 ||     3
  Use: Scroll            |     3 |    12 ||    15
       Potion            |     1 |     1 ||     2
Armor: Animal skin       |    51 |     3 ||    54
       Chain mail        |       |    12 ||    12
Dodge: Dodged            |    94 |    38 ||   132

Table legend:
 A = Non-vault XP
 B = Vault XP
 C = Vault XP percentage of total XP
 D = Non-vault monster count
 E = Vault monster count
 F = Vault count percentage of total count
                 A         B        C        D         E       F
            +---------+---------+-------+---------+---------+-------
      Total |     137 |      10 |   6.8 |      60 |       4 |   6.2
            +---------+---------+-------+---------+---------+-------
        D:1 |      49 |       0 |   0.0 |      33 |       0 |   0.0
        D:2 |      30 |      10 |  25.0 |      15 |       4 |  21.1
        D:3 |      54 |       0 |   0.0 |      10 |       0 |   0.0
        D:4 |       4 |       0 |   0.0 |       2 |       0 |   0.0
            +---------+---------+-------+---------+---------+-------
